 Dungeon Crawl Stone Soup version 0.19-a0-458-gfd99d95 (webtiles) character file.

8784 Ordine the Covert (level 11, -10/61 (63) HPs)
             Began as an Octopode Transmuter on June 1, 2016.
             Was the Champion of Cheibriados.
             Killed from afar by an electric eel (15 damage)
             ... with a bolt of electricity
             ... on level 9 of the Dungeon.
             The game lasted 00:49:26 (12019 turns).

Ordine the Covert (Octopode Transmuter)            Turns: 12019, Time: 00:49:26

HP:   -10/61 (63)   AC:  1    Str: 25    XL:     11   Next: 36%
MP:   14/14         EV: 18    Int: 34    God:    Cheibriados [******]
Gold: 475           SH:  0    Dex: 27    Spells: 2 memorised, 7 levels left

rFire  . . .     SeeInvis .       - Unarmed
rCold  . . .     Gourm    .     (no shield)
rNeg   . . .     Faith    .     (helmet restricted)
rPois  .         Spirit   .     (no amulet)
rElec  .         Dismiss  .     y - ring of wizardry
rCorr  .         Reflect  .     A - ring of flight
SustAt .         Harm     .     (no ring)
MR     .....                    (no ring)
Stlth  ++++++....               (no ring)
                                (no ring)
                                (no ring)
                                (no ring)

@: drained, very slow, not resistant to hostile enchantments, very stealthy
A: almost no armour, amphibious, 8 rings, constrict 8, camouflage 1, gelatinous
body 1
a: Bend Time, Temporal Distortion, Slouch, Step From Time, Renounce Religion,
Evoke Flight


You were on level 9 of the Dungeon.
You worshipped Cheibriados.
Cheibriados was exalted by your worship.
You were very hungry.

You visited 2 branches of the dungeon, and saw 10 of its levels.

You collected 475 gold pieces.

Inventory:

Magical Staves
 m - an uncursed staff of air
Jewellery
 y - a ring of wizardry (left tentacle)
 A - a ring of flight (right tentacle)
 D - an uncursed amulet of harm
Wands
 d - a wand of teleportation (4/9)
 r - a wand of slowing (11/48)
 t - a wand of iceblast (4/15)
 w - a wand of flame (25/48)
Scrolls
 a - a scroll of identify
 e - a scroll of enchant weapon
 g - 7 scrolls of remove curse
 j - a scroll of noise
 l - 2 scrolls of amnesia
 z - a scroll of recharging
Potions
 h - 3 potions of curing
 i - a potion of brilliance
 o - a potion of degeneration {unknown}
 p - a potion of beneficial mutation {unknown}
 q - a potion of agility
 u - a potion of cancellation
 v - a potion of invisibility {unknown}
 x - 2 potions of cure mutation
 B - a potion of lignification {unknown}
Books
 b - a book of Changes

   Spells                             Type                      Level
   a - Beastly Appendage              Transmutation                1
   b - Sticks to Snakes               Transmutation                2
   c - Spider Form                    Transmutation/Poison         3
   d - Ice Form                       Ice/Transmutation            4
   e - Blade Hands                    Transmutation                5
Comestibles
 c - 8 bread rations
 f - 6 meat rations
 k - 7 beef jerkies
 n - 8 slices of pizza
 s - 7 fruits


   Skills:
 - Level 1.0(0.0) Fighting
 + Level 7.3(6.1) Dodging
 - Level 10.0(8.7) Stealth
 - Level 10.0(8.6) Unarmed Combat
 - Level 2.0(0.9) Spellcasting
 - Level 9.0(7.7) Transmutations
 - Level 6.1(4.9) Ice Magic


You had 7 spell levels left.
You knew the following spells:

 Your Spells              Type           Power        Failure   Level  Hunger
a - Spider Form           Tmut/Pois      ####......   1%          3    ###....
b - Ice Form              Ice/Tmut       #####...     2%          4    #####..


Dungeon Overview and Level Annotations

Branches:
Dungeon (9/15)             Temple (1/1) D:6             Orc (0/2) D:9
   Lair: D:8-11

Altars:
Ashenzari
Cheibriados
Dithmenos
Elyvilon
Fedhas
Gozag
Hepliaklqana
Kikubaaqudgha
Makhleb
Nemelex Xobeh
Okawaru
Pakellas
Qazlal
Ru
Sif Muna
Trog
Uskayaw
Vehumet
Xom
Yredelemnul
Zin
The Shining One

Shops:
D:4 ([(   D:6 *


Innate Abilities, Weirdness & Mutations

You cannot wear most types of armour.
You are amphibious.
You can wear up to eight rings at the same time.
You can use your tentacles to constrict eight enemies at once.
Your skin changes colour to match your surroundings (Stealth+).
Your rubbery body absorbs attacks. (AC +1)


Message History

The bolt of electricity hits you!
You see here a scroll of identify.
a - a scroll of identify The electric eel shoots out a bolt of lightning at you!
The bolt of electricity misses you.
The electric eel shoots out a bolt of lightning at you!
The bolt of electricity hits you!
The electric eel shoots out a bolt of lightning at you!
The bolt of electricity hits you!
The electric eel shoots out a bolt of lightning at you!
The bolt of electricity hits you!
* * * LOW HITPOINT WARNING * * *
The electric eel shoots out a bolt of lightning at you!
The bolt of electricity hits you!
* * * LOW HITPOINT WARNING * * *
There is a stone staircase leading up here.
Okay, then.
The electric eel shoots out a bolt of lightning at you!
The bolt of electricity hits you!
You die...

### #.# #### #.# #..# #.# #(.#
.|###########.#####..######
..........................#
...............<@.....[...######
.........(.....................#
................##############.#
......≈≈≈≈≈≈≈.....# #.#
.....≈≈≈≈≈≈;.≈..≈.# #.#
≈..≈≈≈≈≈≈≈≈≈≈.≈...# ####.#
≈;.≈≈≈≈≈≈≈≈≈≈≈≈...# #....#
≈;≈≈≈≈≈≈≈≈≈≈≈≈.≈..# #....#
≈≈≈≈≈.≈.≈≈.≈≈≈≈.... #....#


You could see an electric eel.

Vanquished Creatures
  Erolcha (D:8)
  The ghost of Mulkerokala the Wallflower, a novice DrWn of Uskayaw (D:9)
  A hill giant (D:9)
  Pikel (D:5)
  A troll (D:9)
  A two-headed ogre (D:7)
  Grinder (D:3)
  Sigmund (D:3)
  Eustachio (D:4)
  5 yaks
  A human (D:8)
  2 hungry ghosts
  A steam dragon (D:9)
  A hippogriff (D:7)
  Menkaure (D:7)
  Edmund (D:5)
  Duvessa (D:4)
  A slave (D:5)
  An orc warrior (D:6)
  4 ice beasts
  2 black bears
  3 necrophages
  2 sky beasts
  4 ogres
  A phantom (D:9)
  A centaur (D:7)
  3 wolves (D:9)
  Blork the orc (D:4)
  A big kobold (D:7)
  Dowan (D:4)
  3 scorpions
  5 killer bees (D:8)
  3 wights (D:9)
  A howler monkey (D:4)
  2 crimson imps
  4 orc priests
  5 hounds
  2 jellies
  A centaur skeleton (D:5)
  4 iguanas
  7 orc wizards
  Natasha (thrice) (D:4)
  6 worker ants
  3 sheep (D:8)
  4 gnolls (D:2)
  16 adders
  5 river rats (D:8)
  2 oozes
  2 adder skeletons (D:8)
  3 worms
  6 dart slugs
  6 giant geckos
  20 orcs
  8 bats
  3 giant cockroaches
  9 goblins
  6 hobgoblins
  3 jackals
  9 kobolds
  10 quokkas
  3 ball pythons
  6 giant newts
  28 rats
245 creatures vanquished.

Vanquished Creatures (others)
  2 slaves
  An iguana (D:5)
  An orc wizard (D:6)
  An adder (D:6)
5 creatures vanquished.

Grand Total: 250 creatures vanquished

Notes
Turn   | Place    | Note
--------------------------------------------------------------
     0 | D:1      | Ordine the Octopode Transmuter began the quest for the Orb.
     0 | D:1      | Reached XP level 1. HP: 13/13 MP: 3/3
    32 | D:1      | Reached skill level 1 in Stealth
   205 | D:1      | Reached XP level 2. HP: 18/18 MP: 5/5
   833 | D:2      | Found a snail-covered altar of Cheibriados.
   840 | D:2      | Reached XP level 3. HP: 18/23 MP: 6/6
  1013 | D:2      | Became a worshipper of Cheibriados the Contemplative
  1024 | D:2      | Learned a level 3 spell: Spider Form
  1288 | D:2      | Found a blossoming altar of Fedhas.
  1290 | D:2      | Found a stormy altar of Qazlal.
  1318 | D:2      | Found a shimmering altar of Xom.
  1325 | D:2      | Found a hazy altar of Hepliaklqana.
  1325 | D:2      | Noticed a tentacled monstrosity
  1326 | D:2      | Noticed a tentacled monstrosity
  1326 | D:2      | Noticed a spectral ugly thing
  1530 | D:2      | Reached XP level 4. HP: 25/28 MP: 7/7
  1922 | D:2      | Found a bloodstained altar of Trog.
  1996 | D:2      | Reached * piety under Cheibriados
  2006 | D:2      | HP: 1/28 [gnoll/whip (7)]
  2007 | D:2      | Reached XP level 5. HP: 2/33 MP: 5/8
  2292 | D:2      | Learned a level 4 spell: Ice Form
  2502 | D:3      | Found a hide-covered altar of Uskayaw.
  2535 | D:3      | Noticed Sigmund
  2548 | D:3      | Killed Sigmund
  2548 | D:3      | Reached skill level 5 in Transmutations
  2548 | D:3      | Reached skill level 1 in Ice Magic
  2548 | D:3      | Reached XP level 6. HP: 26/38 MP: 5/9
  2829 | D:3      | Reached ** piety under Cheibriados
  2896 | D:3      | Noticed Grinder
  2916 | D:3      | Killed Grinder
  2916 | D:3      | Reached skill level 5 in Stealth
  2916 | D:3      | Reached XP level 7. HP: 8/43 MP: 6/10
  3429 | D:3      | Found a glowing golden altar of the Shining One.
  3604 | D:3      | Found a glowing silver altar of Zin.
  3630 | D:3      | Disintegration
  3835 | D:3      | Found a deep blue altar of Sif Muna.
  3908 | D:4      | Found Akhlakh's Antique Armour Boutique.
  4247 | D:4      | Noticed Duvessa
  4247 | D:4      | Noticed Dowan
  4283 | D:4      | Found Rarakk's Antique Weapon Shoppe.
  4344 | D:4      | Found Bovuutz's Weapon Shoppe.
  4344 | D:4      | Noticed Natasha
  4348 | D:4      | Killed Natasha
  4380 | D:4      | Noticed Blork the orc
  4394 | D:4      | Killed Blork the orc
  4394 | D:4      | Reached *** piety under Cheibriados
  4402 | D:4      | Noticed Eustachio
  4416 | D:4      | Killed Eustachio
  4416 | D:4      | Reached XP level 8. HP: 40/48 MP: 6/11
  4875 | D:4      | Noticed Natasha
  4881 | D:4      | Killed Natasha
  4910 | D:4      | Noticed Natasha
  4920 | D:4      | Killed Natasha
  4930 | D:4      | Killed Duvessa
  4935 | D:4      | Killed Dowan
  5103 | D:5      | Entered Level 5 of the Dungeon
  5212 | D:5      | Noticed Pikel
  5241 | D:5      | Killed Pikel
  5241 | D:5      | Reached skill level 5 in Ice Magic
  5241 | D:5      | Reached XP level 9. HP: 39/53 MP: 9/12
  5706 | D:5      | Found a radiant altar of Vehumet.
  5844 | D:5      | Noticed Edmund
  5857 | D:5      | Killed Edmund
  6278 | D:6      | Found an oddly glowing altar of Pakellas.
  6324 | D:6      | Found Joitzuas's General Store.
  6331 | D:6      | Reached **** piety under Cheibriados
  6499 | D:6      | Found an iron altar of Okawaru.
  7121 | D:6      | Found a staircase to the Ecumenical Temple.
  7127 | Temple   | Entered the Ecumenical Temple
  8029 | D:7      | Reached skill level 10 in Stealth
  8142 | D:7      | Noticed Menkaure
  8151 | D:7      | Killed Menkaure
  8151 | D:7      | Reached skill level 5 in Unarmed Combat
  8165 | D:7      | Reached ***** piety under Cheibriados
  8270 | D:7      | Reached XP level 10. HP: 58/58 MP: 8/13
  9218 | D:8      | Noticed Erolcha
  9496 | D:8      | Killed Erolcha
 10068 | D:8      | Reached skill level 10 in Unarmed Combat
 10166 | D:8      | Reached ****** piety under Cheibriados
 10549 | D:9      | Reached XP level 11. HP: 56/61 MP: 14/14
 10564 | D:9      | Found a staircase to the Orcish Mines.
 11044 | D:9      | Found an opulent altar of Gozag.
 11049 | D:9      | Found a white marble altar of Elyvilon.
 11051 | D:9      | Found a sacrificial altar of Ru.
 11095 | D:9      | Reached skill level 5 in Dodging
 11126 | D:9      | Noticed Mulkerokala's ghost (novice DrWn)
 11138 | D:9      | Killed Mulkerokala's ghost
 11240 | D:9      | Noticed a hill giant
 11246 | D:9      | Killed a hill giant
 11681 | D:9      | HP: 2/73 [electric eel/bolt of electricity (8)]
 12019 | D:9      | Killed from afar by an electric eel

Vault maps used:
D:1:      minmay_arrival_up_and_down
D:2:      regret_index_temple_of_mockery,
          grunt_temple_overflow_forces_of_nature, lightli_temple_of_fire,
          lemuel_crystal_altar, grunt_decor_resistance, st_stairs_14
D:3:      overflow_temple_1_default, zin_scriptorium,
          nicolae_overflow_hidden_temple, tso_oasis_becter, first_bread,
          st_stairs_10, uniq_grinder, uniq_sigmund
D:4:      serial_shops, kennysheep_little_box, nicolae_shop_crystal, shop,
          uniq_blork_the_orc, uniq_duvessa, uniq_natasha, uniq_eustachio
D:5:      kennysheep_mini_moat, grunt_ministairs_7, uniq_pikel, uniq_edmund
D:6:      lemuel_doored_altar, lemuel_crystal_altar, minmay_temple_entry_fiery,
          serial_shops, nicolae_shop_behind_doors, serial_bayou_ford_a
D:7:      uniq_menkaure
D:8:      grunt_livestock, dk_rats_in_the_wall, uniq_erolcha
D:9:      minitemple, erik_lair_island, orc_0_dummy
Temple:   hc_temple_tempest_star_small

Skill      XL: |  1  2  3  4  5  6  7  8  9 10 11 |
---------------+----------------------------------+-----
Stealth        | 1 2 3 4 5 6 8 10 | 10.0
Transmutations | 3 4 5 6 8 9 |  9.0
Ice Magic      | 1 2 3 5 6 |  6.1
Unarmed Combat | 5 10 | 10.0
Dodging        | 4 7 |  7.3
Fighting       | |  1.0
Spellcasting   | |  2.0

Action                   |  1- 3 |  4- 6 |  7- 9 | 10-12 || total
-------------------------+-------+-------+-------+-------++-------
Melee: Unarmed           |    58 |    94 |   282 |   242 ||   676
       Constrict         |    14 |    13 |    34 |     8 ||    69
       Tentacles         |    13 |    10 |    34 |     3 ||    60
       Punch             |     1 |       |     3 |     1 ||     5
 Cast: Spider Form       |       |     3 |     4 |       ||     7
       Ice Form          |       |     1 |    14 |    25 ||    40
 Abil: End Transformatio |       |       |       |     3 ||     3
  Use: Scroll            |     5 |     2 |     4 |     7 ||    18
       Potion            |       |     5 |     2 |     1 ||     8
 Stab: Sleeping          |    10 |     7 |    22 |     3 ||    42
       Distracted        |       |       |       |     2 ||     2
  Eat: Chunk             |     2 |     4 |    12 |    11 ||    29
       Fruit             |       |       |       |     1 ||     1
Armor: Skin              |     5 |     6 |    38 |    66 ||   115
Dodge: Dodged            |    28 |    47 |   169 |   133 ||   377
